 Dungeon Crawl Stone Soup version 0.25-a0-492-g44cc58d149 (webtiles) character file.

245 joejoepie the Skirmisher (level 6, -11/53 HPs)
             Began as a Hill Orc Fighter on Nov 9, 2018.
             Was an Initiate of Nemelex Xobeh.
             Mangled by a gnoll
             ... wielding a +0 spear
              (12 damage)
             ... on level 5 of the Dungeon on Feb 11, 2020.
             The game lasted 00:23:22 (2993 turns).

joejoepie the Skirmisher (Hill Orc Fighter)         Turns: 2993, Time: 00:23:23

Health: -11/53     AC:  3    Str: 25    XL:     6   Next: 10%
Magic:  6/6        EV:  9    Int:  8    God:    Nemelex Xobeh [......]
Gold:   180        SH: 11    Dex: 11    Spells: 5/5 levels left

rFire    . . .     SeeInvis .   a - +0 long sword
rCold    . . .     Gourm    .   c - +1 kite shield
rNeg     . . .     Faith    .   k - +0 leather armour (curse)
rPois    .         Spirit   .   (no helmet)
rElec    .         Reflect  .   (no cloak)
rCorr    .         Harm     .   (no gloves)
MR       .....                  (no boots)
Stlth    +.........             l - amulet of magic regeneration
HPRegen  0.17/turn              (no ring)
MPRegen  0.35/turn              (no ring)

@: mighty
A: no striking features
a: Draw Escape, Draw Destruction, Draw Summoning, Renounce Religion


You were on level 5 of the Dungeon.
You worshipped Nemelex Xobeh.
Nemelex Xobeh was noncommittal.
You were not hungry.

You visited 1 branch of the dungeon, and saw 5 of its levels.

You collected 180 gold pieces.

Inventory:

Hand Weapons
 a - a +0 long sword (weapon)
 q - a +0 spear
 r - a +1 bardiche of venom
Missiles
 j - 24 sling bullets
Armour
 b - a +0 scale mail
 c - a +1 kite shield (worn)
 e - a +0 ring mail
 k - a cursed +0 leather armour (worn)
Jewellery
 l - an amulet of magic regeneration (around neck)
 o - an uncursed ring of protection from fire
Scrolls
 i - a scroll of random uselessness
 n - 3 scrolls of teleportation
Potions
 g - a potion of ambrosia
 h - a potion of haste {unknown}
 m - a potion of lignification
Comestibles
 f - a ration
 p - 4 chunks of flesh


   Skills:
 + Level 4.6 Fighting
 + Level 4.4 Long Blades
 + Level 4.2 Armour
 + Level 1.2 Dodging
 + Level 0.2 Stealth
 + Level 4.2 Shields
 + Level 0.1 Unarmed Combat


You had 5 spell levels left.
You didn't know any spells.
Your spell library was empty.

Dungeon Overview and Level Annotations

Branches:
Dungeon (5/15)
 Temple: D:4-7

Altars:
Nemelex Xobeh

Annotations:
D:3 Grinder


Message History

You hit the gnoll.
The gnoll is lightly wounded.
A gnoll comes into view. It is wielding a +0 spear.
You block the gnoll's attack.
The gnoll shouts!
You slash the gnoll!
The gnoll is severely wounded.
You block the gnoll's attack. The gnoll hits you.
* * * LOW HITPOINT WARNING * * *
You slash the gnoll!
You kill the gnoll!
You feel very mighty all of a sudden.
The gnoll hits you from afar with a +0 spear!
* * * LOW HITPOINT WARNING * * *
You block the gnoll's attack.
You slash the gnoll!
The gnoll is severely wounded.
The gnoll hits you with a +0 spear!
You die...
Your body disappears without a glow.

#..........#
#.....(....#
.[.........#
...........#
#.........#
........(.##
#.<..#
#.g..#
#..@.#
#)..<#
#....##
#.....#
#..##.# ####
.# .. ...
[...


You could see a gnoll.

Vanquished Creatures
  Natasha (thrice) (D:2 D:3)
  3 worker ants
  2 gnolls (D:5)
  3 adders
  An ooze (D:3)
  An adder skeleton (D:4)
  2 dart slugs (D:1)
  A leopard gecko (D:1)
  6 orcs (D:3)
  8 bats
  A giant cockroach (D:1)
  3 goblins (D:1)
  A hobgoblin (D:2)
  5 kobolds
  2 quokkas (D:2)
  2 frilled lizards
  5 rats (D:1)
49 creatures vanquished.

Vanquished Creatures (others)
  A sky beast (D:5)
1 creature vanquished.

Grand Total: 50 creatures vanquished

Notes
Turn   | Place    | Note
-------+----------+-------------------------------------------
     0 | D:1      | joejoepie the Hill Orc Fighter began the quest for the Orb.
     0 | D:1      | Reached XP level 1. HP: 19/19 MP: 1/1
    71 | D:1      | Upgraded the game from 0.23-a0-416-g33f1def to
                  | 0.24-a0-698-g60d090ba07
    71 | D:1      | Upgraded the game from 0.24-a0-698-g60d090ba07 to
                  | 0.25-a0-488-g03579ab4a3
   199 | D:1      | Reached XP level 2. HP: 27/27 MP: 2/2
   776 | D:2      | Noticed a hippogriff
   803 | D:1      | Reached XP level 3. HP: 18/34 MP: 3/3
  1045 | D:2      | Upgraded the game from 0.25-a0-488-g03579ab4a3 to
                  | 0.25-a0-492-g44cc58d149
  1118 | D:2      | Noticed Natasha
  1128 | D:2      | Killed Natasha
  1128 | D:2      | Reached XP level 4. HP: 24/41 MP: 4/4
  1145 | D:2      | Noticed Natasha
  1274 | D:2      | Killed Natasha
  1455 | D:2      | Noticed Natasha
  1481 | D:3      | Killed Natasha
  1481 | D:3      | Reached skill level 1 in Dodging
  1481 | D:3      | Reached XP level 5. HP: 18/47 MP: 5/5
  1684 | D:2      | Noticed a polar bear
  1684 | D:2      | a hippogriff changed into a polar bear
  1994 | D:3      | Found a sparkling altar of Nemelex Xobeh.
  2028 | D:3      | Became a worshipper of Nemelex Xobeh the Trickster
  2221 | D:3      | Noticed Grinder
  2247 | D:4      | Received a gift from Nemelex Xobeh
  2619 | D:4      | Noticed a phantom
  2647 | D:5      | Entered Level 5 of the Dungeon
  2725 | D:4      | Reached XP level 6. HP: 13/53 MP: 6/6
  2967 | D:5      | Killed a sky beast
  2991 | D:5      | HP: 1/53 [gnoll/+0 spear (10)]
  2993 | D:5      | Mangled by a gnoll

Levels and vault maps discovered:
D:1:      minmay_arrival_solitary_statue, minmay_misc_feat_rows
D:2:      layout_rooms, uniq_natasha
D:3:      layout_basic, gammafunk_temple_overflow_statue, serial_rivers,
          chequers_serial_rivers_room_a, chequers_serial_rivers_small_a,
          chequers_serial_rivers_micro_d, chequers_serial_rivers_small_b,
          nemelex_dance_club_becter, uniq_grinder
D:4:      minmay_skewed_foursquare, layout_basic,
          amethyst_overflow_temple_binary, first_ration
D:5:      layout_rooms, lemuel_round_altar, minmay_temple_entry_grid,
          lemuel_another_geyser, uniq_crazy_yiuf_cottage, uniq_duvessa

Skill      XL: |  1  2  3  4  5 |
---------------+----------------+-----
Fighting       | 4 |  4.6
Long Blades    | 3 4 |  4.4
Dodging        | 1 |  1.2
Armour         | 4 |  4.2
Shields        | 4 |  4.2
Stealth        | |  0.2
Unarmed Combat | |  0.1

Action                   |  1- 3 |  4- 6 || total
-------------------------+-------+-------++-------
Melee: Long sword        |   104 |   136 ||   240
       Unarmed           |       |     8 ||     8
Evoke: Wand              |       |     3 ||     3
  Use: Potion            |     6 |     6 ||    12
       Scroll            |     4 |     4 ||     8
  Eat: Chunk             |     1 |     2 ||     3
       Ration            |       |     2 ||     2
Armor: Scale mail        |    67 |    43 ||   110
       Leather armour    |       |     4 ||     4
Dodge: Dodged            |    39 |    50 ||    89
Block: Kite shield       |    54 |    64 ||   118
       Rpst.: Long sword |    16 |    15 ||    31

Table legend:
 A = Non-vault XP
 B = Vault XP
 C = Vault XP percentage of total XP
 D = Non-vault monster count
 E = Vault monster count
 F = Vault count percentage of total count
                 A         B        C        D         E       F
            +---------+---------+-------+---------+---------+-------
      Total |     306 |      45 |  12.8 |      46 |       3 |   6.1
            +---------+---------+-------+---------+---------+-------
        D:1 |      69 |       0 |   0.0 |      20 |       0 |   0.0
        D:2 |      56 |      35 |  38.5 |       9 |       1 |  10.0
        D:3 |      68 |      10 |  12.8 |      11 |       2 |  15.4
        D:4 |      70 |       0 |   0.0 |       3 |       0 |   0.0
        D:5 |      43 |       0 |   0.0 |       3 |       0 |   0.0
            +---------+---------+-------+---------+---------+-------
